 Dungeon Crawl Stone Soup version 0.30-a0-304-gdc4b735fe1 (webtiles) character file.

Game seed: 2603432195617029947

189 koil the Sneak (level 5, -4/26 (27) HPs)
             Began as a Spriggan Brigand on Oct 20, 2022.
             Slain by an orc warrior
             ... wielding a +0 glaive
              (18 damage)
             ... on level 3 of the Dungeon.
             The game lasted 00:06:51 (2184 turns).

koil the Sneak (Spriggan Brigand)                   Turns: 2184, Time: 00:06:51

HP:   -4/26 (27)    AC:  3    Str:  7    XL:     5   Next: 40%
MP:   9/9           EV: 18    Int: 15    God:
Gold: 187           SH:  0    Dex: 16    Spells: 9/9 levels left

rFire   . . .      SeeInvis +    b - +0 short sword (venom)
rCold   . . .      Faith    .    (no shield)
rNeg    . . .      Spirit   .    k - +0 robe
rPois   .          Reflect  .    (helmet restricted)
rElec   +          Harm     .    c - +0 cloak
rCorr   .          Rampage  .    (gloves unavailable)
Will    .....                    (boots unavailable)
Stlth   ++++......               (no amulet)
HPRegen 0.24/turn                (no ring)
MPRegen 0.11/turn                (no ring)

@: lightly drained, very quick
A: very small, no large weapons, unfitting armour, see invisible, speed 3, horns
1, electricity resistance
a: no special abilities


You were on level 3 of the Dungeon.
You visited 1 branch of the dungeon, and saw 3 of its levels.

You collected 187 gold pieces.

Inventory:

Hand Weapons
 a - a +2 dagger
 b - a +0 short sword of venom (weapon)
 n - a +2 whip of electrocution
 v - a +4 quarterstaff of chaos
 y - a +2 whip of electrocution
Missiles
 d - 14 poisoned darts (quivered)
 e - 3 curare-tipped darts
 m - 4 datura-tipped darts
 q - 2 throwing nets
Armour
 c - a +0 cloak (worn)
 k - a +0 robe (worn)
 l - a +0 robe
 u - a scarf of shadows
 w - a +0 cloak
Magical Staves
 i - a staff of cold
 x - a staff of air
Scrolls
 f - a scroll of enchant armour {unknown}
 g - 2 scrolls of vulnerability {unknown}
 j - 4 scrolls of identify {unknown}
 o - a scroll of fog {unknown}
 s - a scroll of enchant weapon {unknown}
 A - a scroll of summoning {unknown}
Potions
 h - 3 potions of mutation
 p - 2 potions of lignification {unknown}
 r - a potion of brilliance {unknown}
 t - a potion of attraction {unknown}
 z - a potion of flight {unknown}


   Skills:
 + Level 2.4 Fighting
 + Level 3.4 Short Blades
 - Level 2.0 Throwing
 + Level 3.3 Dodging
 + Level 6.9 Stealth
 + Level 2.5 Spellcasting


You had 9 spell levels left.
You didn't know any spells.
Your spell library was empty.

Dungeon Overview and Level Annotations

Branches:
Dungeon (3/15)

Altars:


Innate Abilities, Weirdness & Mutations

You are very small and have problems with some larger weapons.
You are too small for most types of armour.
You have supernaturally acute eyesight. (SInv)
You cover ground extremely quickly. (Speed+++)
You have a pair of small horns on your head.
You are resistant to electric shocks. (rElec)


Message History

The giant cockroach bites you but does no damage.
You hit the giant cockroach but do no damage.
The giant cockroach barely misses you.
You closely miss the giant cockroach. The giant cockroach closely misses you.
You hit the giant cockroach but do no damage.
The giant cockroach is poisoned.
You punch the giant cockroach, but do no damage.
The giant cockroach completely misses you.
You hit the giant cockroach but do no damage.
The giant cockroach looks as sick as possible!
You headbutt the giant cockroach.
You kill the giant cockroach!
Items here: )) [ ††.
An orc comes into view.
It is wielding a +3 short sword of draining.
The orc moves out of view.
The orc warrior shouts!
The orc shouts!
Items here: )) [ ††.
The orc barely misses you.
You hit the orc but do no damage.
The orc is poisoned.
You headbutt the orc.
The orc is almost dead.
The orc closely misses you.
You closely miss the orc.
The orc is almost dead.
The orc hits you with a +0 falchion.
You hit the orc but do no damage.
The orc looks as sick as possible!
You headbutt the orc, but do no damage.
The orc is almost dead.
You kill the orc!
The orc hits you with a +3 short sword of draining.
You feel drained.
Items here: ))) [[ †††.
You hit the orc but do no damage. Your punch misses the orc.
The orc hits you with a +3 short sword of draining.
You feel drained.
You hit the orc.
The orc is poisoned.
You headbutt the orc.
You kill the orc!
You see here a +3 short sword of draining.
The orc warrior hits you from afar with a +0 glaive!!
Ouch! That really hurt!
You die...

# #.# #.........#..##### .##. #
#.## #.....).#.#...#####.... #
#..# ##......#.#............ #
##.# ##.######.#o........... #
#.# #..# #.#..>.........
#####.####)## #.#..).........
#..........# #.#.........####
#..........#######.####...##.>...
†...............@)o........).....
....<......#######.#...##.##.....
...........# #...####..# ....
...........# #..## ##..# #.#
#..........# #..# #.# #
#..........#######..# ..
#.####.#####)...##..# #.. #.#
#.†.###....##..# #..
#.######........##..#


You could see an orc warrior.

Vanquished Creatures
  Crazy Yiuf (D:2)
  An orc priest (D:3)
  5 adders
  3 dart slugs
  6 orcs (D:3)
  4 ball pythons
  6 endoplasms
  3 giant cockroaches
  3 goblins
  7 hobgoblins
  8 jackals
  5 kobolds
  4 quokkas (D:2)
  4 bats
  3 frilled lizards
  5 rats
68 creatures vanquished.

Notes
Turn   | Place    | Note
-------+----------+-------------------------------------------
     0 | D:1      | koil the Spriggan Brigand began the quest for the Orb.
     0 | D:1      | Reached XP level 1. HP: 10/10 MP: 2/2
   184 | D:1      | Reached skill level 6 in Stealth
   212 | D:1      | Reached XP level 2. HP: 11/15 MP: 3/3
   582 | D:2      | Reached skill level 1 in Spellcasting
   590 | D:2      | Reached XP level 3. HP: 16/18 MP: 5/5
  1150 | D:2      | Found a runed translucent door.
  1151 | D:2      | Noticed Crazy Yiuf
  1217 | D:2      | Killed Crazy Yiuf
  1218 | D:2      | Reached XP level 4. HP: 23/23 MP: 7/7
  1961 | D:3      | HP: 1/23 [orc priest/+0 short sword (5)]
  1962 | D:3      | Gained mutation: You have a pair of small horns on your
                  | head. [potion of mutation]
  1962 | D:3      | Gained mutation: You are resistant to electric shocks.
                  | (rElec) [potion of mutation]
  1977 | D:3      | Reached XP level 5. HP: 10/27 MP: 9/9
  2125 | D:3      | Noticed an orc warrior
  2184 | D:3      | Slain by an orc warrior

Illustrated notes

Levels and vault maps discovered:
D:1:      evilmike_arrival_crescent, layout_rooms, st_stairs_4, grunt_decor_cap
D:2:      layout_loops_corners, moated_statue, minmay_misc_feat_doors,
          minmay_tall_x, uniq_crazy_yiuf_cottage
D:3:      layout_rooms, kennysheep_doodads, uniq_ijyb

Skill      XL: |  1  2  3  4 |
---------------+-------------+-----
Stealth        | 6 |  6.9
Dodging        | 2 3 |  3.3
Spellcasting   | 1 2 |  2.5
Fighting       | 2 |  2.4
Short Blades   | 3 |  3.4
Throwing       | |  2.0

Action                   |  1- 3 |  4- 6 || total
-------------------------+-------+-------++-------
Melee: Dagger            |   103 |    58 ||   161
       Punch             |     2 |     2 ||     4
       Short sword       |       |    61 ||    61
       Headbutt          |       |    12 ||    12
Throw: Dart              |     8 |       ||     8
  Use: Potion            |       |     2 ||     2
 Stab: Sleeping          |    12 |     4 ||    16
Armor: Robe              |    12 |    11 ||    23
Dodge: Dodged            |    53 |    84 ||   137

Table legend: (Time is in decaauts)
 A = Elapsed time spent in this place.
 B = Non-inter-level travel time spent in this place.
 C = Inter-level travel time spent in this place.
 D = Time resting spent in this place.
 E = Time spent auto-exploring this place.
 F = Levels seen in this place.
 G = Mean time per level.
                   A        B        C        D        E       F      G
               +--------+--------+--------+--------+--------+-----+--------+
         Total |   1463 |   1422 |     41 |     27 |    925 |   3 |  487.7 |
       Dungeon |   1463 |   1422 |     41 |     27 |    925 |   3 |  487.7 |
               +--------+--------+--------+--------+--------+-----+--------+

Top non-repeatable levels by time:
     D:2: 769 daAuts
     D:3: 353 daAuts
     D:1: 339 daAuts
